[Event "ICC tourney 1910 (25 10)"]
[Site "Internet Chess Club"]
[Date "2020.07.11"]
[Round "5"]
[White "Deveshc"]
[Black "MadiChesskid"]
[Result "1-0"]
[ICCResult "Black resigns"]
[WhiteElo "1468"]
[BlackElo "1424"]
[Opening "Two knights defense"]
[ECO "C55"]
[NIC "IG.01"]
[Time "19:01:08"]
[TimeControl "1500+10"]

1. e4 e5 2. Nf3 Nc6 3. Bc4 Nf6 4. O-O Bc5 5. d4 Nxd4 6. Nxe5 O-O 7. Be3 Ne6
8. Bxe6 Bxe3 9. Bxf7+ Kh8 10. fxe3 d6 11. Nc4 Bg4 12. Qd4 Rxf7 13. e5 dxe5
14. Nxe5 Rf8 15. Nxg4 Qxd4 16. exd4 Nxg4 17. Rxf8+ Rxf8 18. Na3 Rd8 19. c3
g6 20. Re1 Kg7 21. Re7+ Kf6 22. Rxc7 Rb8 23. Rxh7 Re8 24. Kf1 Ne3+ 25. Kf2
Ng4+ 26. Kg3 Kg5 27. h4+ Kf5 28. Rf7+ Ke6 29. Rxb7 Kf5 30. Rb5+ Kf6 31. Kxg4
Re2 32. Kf3 Rd2 33. Nc4 Rd3+ 34. Ke2 Rg3 35. Kf2 Rg4 36. Ra5 Rxh4 37. Rxa7
{Black resigns}
1-0

[Event "ICC tourney 1910 (25 10)"]
[Site "Internet Chess Club"]
[Date "2020.07.11"]
[Round "5"]
[White "Daniel20180828"]
[Black "Jeffchess"]
[Result "1/2-1/2"]
[ICCResult "Game drawn by mutual agreement"]
[WhiteElo "1406"]
[BlackElo "1402"]
[Opening "Queen's Pawn"]
[ECO "A41"]
[NIC "QO.17"]
[Time "19:00:57"]
[TimeControl "1500+10"]

1. d4 d6 2. Nf3 e6 3. Bf4 Be7 4. e3 a6 5. c3 c6 6. Nbd2 d5 7. Be2 Bd6 8.
Bxd6 Qxd6 9. O-O Nd7 10. c4 Ngf6 11. cxd5 Nxd5 12. Nb3 O-O 13. Rc1 f6 14.
Nc5 Nxc5 15. Rxc5 e5 16. Rc1 e4 17. Nd2 f5 18. Nc4 Qc7 19. Ne5 Be6 20. a3
Rae8 21. b4 Rf6 22. Qd2 Bc8 23. a4 Rd6 24. Qb2 b5 25. axb5 axb5 26. Bxb5 Bb7
27. Be2 Qb6 28. Nc4 Qc7 29. Nxd6 Qxd6 30. b5 Rb8 31. bxc6 Bxc6 32. Qc2 Nb4
33. Qc5 Qg6 34. Rb1 f4 35. Rxb4 Rxb4 36. Qxb4 f3 37. Bc4+ Kh8 38. Qb8+ Be8
39. Qg3 fxg2 40. Qxg2 Qf5 41. Rb1 Qh5 42. Rb8 h6 43. Bb5 Kh7 44. Bxe8 Qd1+
45. Qf1 Qg4+ 46. Kh1 Qf3+ 47. Qg2 Qd1+ 48. Qg1 Qf3+ 49. Qg2 Qd1+
{Game drawn by mutual agreement}
1/2-1/2

[Event "ICC tourney 1910 (25 10)"]
[Site "Internet Chess Club"]
[Date "2020.07.11"]
[Round "5"]
[White "GIML"]
[Black "srirammarni"]
[Result "1-0"]
[ICCResult "Black resigns"]
[WhiteElo "1324"]
[BlackElo "1271"]
[Opening "Four knights: Scotch, 4...exd4"]
[ECO "C47"]
[NIC "KP.06"]
[Time "19:00:59"]
[TimeControl "1500+10"]

1. e4 e5 2. Nf3 Nc6 3. Nc3 Nf6 4. d4 exd4 5. Nxd4 Bb4 6. Nxc6 dxc6 7. Bd3
O-O 8. O-O Bg4 9. f3 Bh5 10. Be3 b6 11. Bc4 Qxd1 12. Raxd1 Rad8 13. Ne2 Nd7
14. c3 Bc5 15. Bxc5 Nxc5 16. Nd4 Rd6 17. b4 Nb7 18. Nf5 Rxd1 19. Rxd1 Bg6
20. Ne7+ Kh8 21. Nxc6 a5 22. Rd7 axb4 23. cxb4 f5 24. Ne7 fxe4 25. Nxg6+
hxg6 26. Rxc7 Nd6 27. Rc6 Nxc4 28. Rxc4 exf3 29. Kf2 fxg2+ 30. Kxg2 Re8 31.
a4 Re2+ 32. Kg3 Re3+ 33. Kg4 Ra3 34. b5 Kh7 35. h4 Kh6 36. Rd4 Ra2 37. Kf4
Rf2+ 38. Ke5 Re2+ 39. Kd5 g5 40. Rc4 Rh2 41. Rc6+ g6 42. hxg5+ Kxg5 43. Rxb6
Rd2+ 44. Kc4 Rf2 45. a5 Rc2+ 46. Kb3 Rc7 47. a6 Kf5 48. Rb7 Rc8 49. a7 g5
50. Rb8 Rxb8 51. axb8=Q {Black resigns} 1-0

[Event "ICC tourney 1910 (25 10)"]
[Site "Internet Chess Club"]
[Date "2020.07.11"]
[Round "5"]
[White "ab4gm"]
[Black "thihansa"]
[Result "1/2-1/2"]
[ICCResult "Game drawn by mutual agreement"]
[WhiteElo "1226"]
[BlackElo "1242"]
[Opening "French defense"]
[ECO "C00"]
[NIC "FR.01"]
[Time "19:01:00"]
[TimeControl "1500+10"]

1. e4 e6 2. Nf3 d5 3. exd5 exd5 4. d4 Bg4 5. Nc3 Nf6 6. h3 Bxf3 7. Qxf3 c6
8. Bd3 Be7 9. Bf4 Nbd7 10. O-O O-O 11. Rfe1 Re8 12. Bg5 Qc7 13. Bf4 Bd6 14.
Bxd6 Qxd6 15. Bf5 h6 16. Rab1 Re7 17. Re2 Rxe2 18. Qxe2 Re8 19. Qd2 Kf8 20.
Re1 Rxe1+ 21. Qxe1 Qe7 22. Qxe7+ Kxe7 23. Kf1 g6 24. Bd3 h5 25. Ke2 Ke6 26.
Ke3 a6 27. a3 Ne8 28. b4 Nd6 29. Ne2 Nf6 30. Nf4+ Ke7 31. Kf3 Nfe4 32. Bxe4
Nxe4 33. Nd3 g5 34. Nc5 Nxc5 35. dxc5 f5 36. g3 Kf6 37. h4 gxh4 38. gxh4 Ke5
39. Ke3 {Game drawn by mutual agreement} 1/2-1/2

[Event "ICC tourney 1910 (25 10)"]
[Site "Internet Chess Club"]
[Date "2020.07.11"]
[Round "5"]
[White "vsmukund"]
[Black "jhuang3"]
[Result "1-0"]
[ICCResult "Black checkmated"]
[WhiteElo "1533"]
[BlackElo "1457"]
[Opening "Sicilian: Smith-Morra gambit"]
[ECO "B21"]
[NIC "SI.48"]
[Time "19:00:56"]
[TimeControl "1500+10"]

1. e4 c5 2. d4 cxd4 3. c3 d3 4. Bxd3 g6 5. Nf3 Bg7 6. Bf4 d6 7. O-O Nf6 8.
h3 O-O 9. Nbd2 Nc6 10. Qc2 Bd7 11. Rfe1 Rc8 12. a3 Qb6 13. Be3 Qc7 14. Rac1
a6 15. Nc4 b5 16. Nb6 Qb7 17. Nxc8 Rxc8 18. Qd2 Na5 19. Qc2 Nc4 20. Bxc4
bxc4 21. e5 dxe5 22. Nxe5 Be6 23. Bd4 Nd5 24. Nf3 Bxd4 25. Nxd4 Nf4 26. Qe4
Qxe4 27. Rxe4 Nd3 28. Rb1 Bf5 29. Nxf5 gxf5 30. Rxe7 Rb8 31. Rc7 Nxb2 32.
Rxc4 Nxc4 33. Rxb8+ Kg7 34. Ra8 Nxa3 35. Rxa6 Nb5 36. Ra5 Nxc3 37. Rxf5 Ne4
38. f3 Nd6 39. Rd5 Ne8 40. Kf2 Nf6 41. Rd4 h6 42. g4 Kg6 43. h4 Kg7 44. Kg3
Nh7 45. Kf4 Kg6 46. Rd6+ Kg7 47. Kf5 Nf8 48. h5 Nh7 49. f4 Nf6 50. Rxf6 Kg8
51. Rxh6 f6 52. Kxf6 Kf8 53. Rh8# {Black checkmated} 1-0

[Event "ICC tourney 1910 (25 10)"]
[Site "Internet Chess Club"]
[Date "2020.07.11"]
[Round "5"]
[White "mancogu"]
[Black "oxdidi"]
[Result "0-1"]
[ICCResult "White resigns"]
[WhiteElo "1308"]
[BlackElo "1265"]
[Opening "Ruy Lopez: exchange variation, 5.O-O"]
[ECO "C68"]
[NIC "RL.08"]
[Time "19:00:59"]
[TimeControl "1500+10"]

1. e4 e5 2. Nf3 Nc6 3. Bb5 a6 4. Bxc6 dxc6 5. O-O Bd6 6. Re1 Nf6 7. d4 Qe7
8. dxe5 Bxe5 9. Nxe5 Qxe5 10. Nc3 O-O 11. h3 Be6 12. Qe2 g5 13. Bd2 Kh8 14.
Rad1 Rg8 15. g4 Rg7 16. Qf1 Rag8 17. Re3 h5 18. Qg2 hxg4 19. hxg4 Nxg4 20.
Rh3+ Rh7 21. Rxh7+ Kxh7 22. f3 Qc5+ 23. Kf1 Bc4+ 24. Ke1 Ne5 25. Qh2+ Kg6
26. Qg2 Nxf3+ 27. Qxf3 Qg1+ {White resigns} 0-1

[Event "ICC tourney 1910 (25 10)"]
[Site "Internet Chess Club"]
[Date "2020.07.11"]
[Round "5"]
[White "jvihaan"]
[Black "iamlifamily"]
[Result "1/2-1/2"]
[ICCResult "Game drawn because neither player has mating material"]
[WhiteElo "1295"]
[BlackElo "1374"]
[Opening "Giuoco Piano"]
[ECO "C50"]
[NIC "IG.02"]
[Time "19:01:10"]
[TimeControl "1500+10"]

1. e4 e5 2. Nf3 Nc6 3. Bc4 Bc5 4. O-O d6 5. c3 Nf6 6. d4 exd4 7. cxd4 Bb4 8.
Qb3 O-O 9. a3 Ba5 10. Qc2 Bb6 11. Rd1 Bg4 12. Qd3 Bxf3 13. Qxf3 Nxd4 14. Qd3
h6 15. Be3 Nc6 16. Nc3 Re8 17. Bxb6 axb6 18. Nd5 Ne5 19. Nxf6+ Qxf6 20. Qd5
Ng4 21. Rd3 Qxf2+ 22. Kh1 Qh4 23. Qxf7+ Kh8 24. h3 Nf2+ 25. Kg1 Nxd3 26.
Bxd3 Rf8 27. Qxc7 Qf2+ 28. Kh1 Qxb2 29. Rb1 Qxa3 30. Bf1 Qc5 31. Qxb7 Rae8
32. Bb5 Rb8 33. Qd7 Qc2 34. Re1 Qd2 35. Re2 Rf1+ 36. Kh2 Qf4+ 37. g3 Rf2+
38. Rxf2 Qxf2+ 39. Kh1 Qe1+ 40. Kh2 Qd2+ 41. Kh1 Qc1+ 42. Kh2 Qb2+ 43. Kh1
Ra8 44. Bf1 Qf2 45. Qb5 Qf3+ 46. Bg2 Qxg3 47. Qb2 Rf8 48. Qxb6 Qe1+ 49. Kh2
Qf2 50. Qxd6 Qf4+ 51. Qxf4 Rxf4 52. Kg3 Rf8 53. Bf3 Kg8 54. Kg4 Kf7 55. Be2
Kf6 56. Bc4 Re8 57. Bd5 Re5 58. Kf4 g6 59. Bc6 Rh5 60. Bd7 Rc5 61. Bg4 g5+
62. Ke3 Ke5 63. Bf5 h5 64. Kf3 Rc3+ 65. Kg2 Rc2+ 66. Kf3 Rc3+ 67. Kg2 Re3
68. Kf2 Rd3 69. Ke2 Rc3 70. Kd2 Rb3 71. Kc2 Ra3 72. Kb2 Rg3 73. Kc2 g4 74.
hxg4 hxg4 75. Kd2 Rg2+ 76. Ke3 Rg3+ 77. Kf2 Rf3+ 78. Kg2 Rxf5 79. exf5 Kxf5
80. Kg3 Kg5 81. Kf2 Kf4 82. Kg2 g3 83. Kg1 Kg5 84. Kg2 Kg4 85. Kg1 Kf4 86.
Kg2 Kg4 87. Kg1 Kg5 88. Kg2 Kh4 89. Kg1 Kh3 90. Kh1 Kg4 91. Kg2 Kh4 92. Kg1
Kg5 93. Kg2 Kf4 94. Kg1 Kf3 95. Kf1 g2+ 96. Kg1 Ke2 97. Kxg2
{Game drawn because neither player has mating material}
1/2-1/2

[Event "ICC tourney 1910 (25 10)"]
[Site "Internet Chess Club"]
[Date "2020.07.11"]
[Round "5"]
[White "CheddarCheng1"]
[Black "LChessMaster"]
[Result "0-1"]
[ICCResult "White checkmated"]
[WhiteElo "1480"]
[BlackElo "1618"]
[Opening "Sicilian: Najdorf"]
[ECO "B90"]
[NIC "SI.14"]
[Time "19:01:07"]
[TimeControl "1500+10"]

1. e4 c5 2. Nf3 d6 3. d4 cxd4 4. Nxd4 Nf6 5. Nc3 a6 6. f3 e5 7. Nb3 Be7 8.
Be3 Be6 9. Qd2 Nbd7 10. g4 b5 11. h4 h5 12. g5 Nh7 13. f4 g6 14. Bd3 exf4
15. Bxf4 Ne5 16. Nd5 Nf3+ 17. Ke2 Nxd2 18. Bxd2 Bxd5 19. exd5 Nxg5 20. hxg5
Bxg5 21. Rae1 O-O 22. Rhg1 Bxd2 23. Kxd2 Kh7 24. Re2 Qf6 25. c3 Qf4+ 26. Kc2
Rae8 27. Rd2 Kh6 28. Rdg2 Rg8 29. Nd2 Qe5 30. Ne4 f5 31. Ng5 Qxd5 32. Nh3
Qxa2 33. Nf4 Qa4+ 34. b3 Qxf4 35. Kb2 Re3 36. Bc2 Qf3 37. Ka3 Rxc3 38. Kb4
Rxc2 39. Rxc2 Qe4+ 40. Kc3 Rc8+ 41. Kd2 Rxc2+ 42. Kd1 Qe2# {White
checkmated} 0-1

[Event "ICC tourney 1910 (25 10)"]
[Site "Internet Chess Club"]
[Date "2020.07.11"]
[Round "5"]
[White "SunnyCountry"]
[Black "Maximusiv"]
[Result "0-1"]
[ICCResult "White resigns"]
[WhiteElo "1343"]
[BlackElo "1341"]
[Opening "Scandinavian defense"]
[ECO "B01"]
[NIC "SD.03"]
[Time "19:00:58"]
[TimeControl "1500+10"]

1. e4 d5 2. exd5 Nf6 3. d4 Bg4 4. Nf3 Qxd5 5. Be2 Nc6 6. Nc3 Qh5 7. h3 Bf5
8. Ne5 Qh4 9. Nb5 O-O-O 10. c3 Bg6 11. Nxc6 bxc6 12. Nxa7+ Kb7 13. Nxc6 Kxc6
14. Bf3+ Be4 15. b4 Bxf3 16. Qxf3+ Qe4+ 17. Qxe4+ Nxe4 18. Bb2 e6 19. a4 Be7
20. Ke2 Bh4 21. Rhf1 Rhe8 22. a5 e5 23. Kf3 Nd2+ 24. Ke2 Nxf1 25. Kxf1 exd4
26. cxd4 Bf6 27. a6 Bxd4 28. Bxd4 Rxd4 29. a7 Ra8 30. Ke2 Rxb4 31. Kd3 Kb6
32. Kc3 c5 33. g4 Rxa7 34. Rxa7 Kxa7 35. Kd3 Kb6 36. Ke3 Kc6 37. f4 Kd5 38.
f5 Rb3+ 39. Kf4 Rxh3 40. Kg5 f6+ 41. Kf4 c4 42. g5 c3 43. gxf6 gxf6 44. Kg4
Rd3 45. Kh5 c2 46. Kh6 Rg3 47. Kxh7 c1=Q {White resigns} 0-1

[Event "ICC tourney 1910 (25 10)"]
[Site "Internet Chess Club"]
[Date "2020.07.11"]
[Round "5"]
[White "MonkeyTown"]
[Black "ChessStar22"]
[Result "1-0"]
[ICCResult "Black checkmated"]
[WhiteElo "1435"]
[BlackElo "1370"]
[Opening "Queen's pawn"]
[ECO "A40"]
[NIC "QO.17"]
[Time "19:00:56"]
[TimeControl "1500+10"]

1. d4 c6 2. Nf3 d5 3. e3 Nf6 4. Bd3 Bg4 5. c4 e6 6. Qb3 Qc7 7. Ne5 Bh5 8.
Nc3 a6 9. O-O Bd6 10. f4 O-O 11. cxd5 cxd5 12. Bd2 Nbd7 13. Rac1 Qb8 14. Qc2
Bg6 15. Nxd7 Bxd3 16. Nxf6+ gxf6 17. Qxd3 Bb4 18. Ne2 Be7 19. Rc2 Rd8 20.
Rfc1 e5 21. fxe5 fxe5 22. dxe5 Qxe5 23. Qd4 Bd6 24. Qxe5 Bxe5 25. Nd4 Kg7
26. Bc3 Kg6 27. Nf3 Bxc3 28. Rxc3 f6 29. Rc7 b5 30. Re7 Rac8 31. Rec7 Ra8
32. Nd4 Re8 33. Kf2 h5 34. Rd7 Re5 35. Rcc7 Rg8 36. Rd6 Rge8 37. Rcc6 Rf8
38. Rxa6 h4 39. Nxb5 Kg5 40. Nd4 Rb8 41. Nf3+ Kf5 42. Rxf6+ Ke4 43. Nxe5
Rxb2+ 44. Kf1 Rb1+ 45. Ke2 Rb2+ 46. Kd1 Kxe3 47. Ng4+ Kd3 48. Ra3+ Ke4 49.
Re3+ Kd4 50. Rf4+ Kc5 51. Rc3+ Kb5 52. Rc2 Rb1+ 53. Kd2 Rg1 54. Rf2 d4 55.
Rc1 Rxc1 56. Kxc1 Ka4 57. Kc2 Kb4 58. Kd3 Kc5 59. Rb2 h3 60. gxh3 Kc6 61. a4
Kc5 62. a5 Kc6 63. a6 Kc5 64. a7 Kc6 65. a8=Q+ Kd6 66. Rb5 Ke6 67. Qa6+ Kd7
68. Rb7+ Kc8 69. Qa8# {Black checkmated} 1-0

[Event "ICC tourney 1910 (25 10)"]
[Site "Internet Chess Club"]
[Date "2020.07.11"]
[Round "5"]
[White "chessisfunsp"]
[Black "stephenwilly"]
[Result "1-0"]
[ICCResult "Black checkmated"]
[WhiteElo "1719"]
[BlackElo "1610"]
[Opening "King's gambit"]
[ECO "C30"]
[NIC "KG.05"]
[Time "19:01:11"]
[TimeControl "1500+10"]

1. e4 e5 2. f4 Nc6 3. Nf3 d6 4. Bc4 Bg4 5. d4 Nxd4 6. O-O Nxf3+ 7. gxf3 Bh3
8. Qd5 Qf6 9. Qxb7 Rd8 10. Bb5+ Bd7 11. Bxd7+ Rxd7 12. Qb8+ Ke7 13. Nc3 c6
14. fxe5 Qxe5 15. Qc8 Qc5+ 16. Kg2 g6 17. Re1 Bg7 18. Nd5+ cxd5 19. Bg5+ Ke6
20. exd5+ Kxd5 21. Qxd7 Kc4 22. Qa4+ Kd5 23. Qe4# {Black checkmated} 1-0

[Event "ICC tourney 1910 (25 10)"]
[Site "Internet Chess Club"]
[Date "2020.07.11"]
[Round "5"]
[White "ivangoponenko"]
[Black "Hydra88"]
[Result "0-1"]
[ICCResult "White resigns"]
[WhiteElo "1534"]
[BlackElo "1523"]
[Opening "French: Tarrasch, closed variation"]
[ECO "C05"]
[NIC "FR.16"]
[Time "19:01:00"]
[TimeControl "1500+10"]

1. e4 e6 2. d4 d5 3. Nd2 Nf6 4. e5 Nfd7 5. Ngf3 c5 6. dxc5 Bxc5 7. Bb5 a6 8.
Bd3 Nc6 9. O-O Ndxe5 10. Nxe5 Nxe5 11. Be2 Qf6 12. c4 dxc4 13. Nxc4 Nxc4 14.
Bxc4 O-O 15. Qe2 b5 16. Bd3 Bb7 17. Be4 Bxe4 18. Qxe4 Rfd8 19. Qc2 Rac8 20.
Qe2 Bd4 21. Rb1 Qe5 22. Qxe5 Bxe5 23. Be3 Rc2 24. Rfd1 Rxd1+ 25. Rxd1 h6 26.
b4 Rxa2 27. Bc5 Ra1 28. Rxa1 Bxa1 29. Kf1 Be5 30. h3 Bc7 31. Ke2 a5 32. bxa5
Bxa5 33. Kd3 b4 34. Kc4 Kh7 35. Bxb4 Bxb4 36. Kxb4 Kg6 37. Kc4 Kf5 38. Kd3
Kf4 39. Ke2 h5 40. g3+ Kg5 41. Kf3 Kf5 42. h4 e5 43. Ke3 Kg4 44. Ke2 f5 45.
Kf1 f4 46. Kg2 fxg3 47. fxg3 e4 48. Kf2 e3+ 49. Kxe3 Kxg3 50. Ke4 Kxh4 51.
Kf5 Kg3 52. Kg6 h4 53. Kxg7 h3 54. Kg6 h2 55. Kg7 h1=Q 56. Kg8 Qb7 57. Kf8
Kf4 58. Kg8 Kg5 59. Kf8 Kf6 {White resigns} 0-1

[Event "ICC tourney 1910 (25 10)"]
[Site "Internet Chess Club"]
[Date "2020.07.11"]
[Round "5"]
[White "IGMin2023"]
[Black "TheOrcaPro"]
[Result "0-1"]
[ICCResult "White checkmated"]
[WhiteElo "1288"]
[BlackElo "1568"]
[Opening "English: Neo-Catalan"]
[ECO "A13"]
[NIC "RE.11"]
[Time "19:01:03"]
[TimeControl "1500+10"]

1. Nf3 d5 2. c4 e6 3. g3 Nf6 4. Bg2 Bc5 5. O-O O-O 6. b3 dxc4 7. bxc4 Bd4 8.
Nxd4 Qxd4 9. Nc3 Qxc4 10. Ba3 Re8 11. Bb2 c6 12. d3 Qb4 13. Rb1 Qd6 14. Qc2
Nbd7 15. Ba1 Nc5 16. Qb2 Bd7 17. Rfd1 Qe5 18. d4 Qf5 19. dxc5 Qxc5 20. Ne4
Qe7 21. Rxd7 Qxd7 22. Nxf6+ gxf6 23. Qxf6 e5 24. f4 Re6 25. Qg5+ Rg6 26.
Qxe5 f6 27. Qb2 Qe6 28. Qxb7 Re8 29. Bxc6 Qe3+ 30. Kh1 Re7 31. Qc8+ Kg7 32.
Rb8 Qc1+ 33. Kg2 Rxe2+ 34. Kh3 Qf1+ 35. Kh4 Rxh2+ 36. Qh3 Qxh3#
{White checkmated}
0-1

[Event "ICC tourney 1910 (25 10)"]
[Site "Internet Chess Club"]
[Date "2020.07.11"]
[Round "5"]
[White "sujay2010"]
[Black "DEEEFENDER"]
[Result "1-0"]
[ICCResult "Black resigns"]
[WhiteElo "1633"]
[BlackElo "1459"]
[Opening "Queen's pawn"]
[ECO "A40"]
[NIC "QO.17"]
[Time "19:00:56"]
[TimeControl "1500+10"]

1. d4 c6 2. Bf4 d5 3. e3 Nf6 4. Bd3 a6 5. Nd2 h6 6. h3 e6 7. Ngf3 Nbd7 8.
O-O Nh5 9. Bh2 Nhf6 10. e4 dxe4 11. Nxe4 Nxe4 12. Bxe4 Nf6 13. Bd3 Bd6 14.
Ne5 O-O 15. c3 Nd7 16. Nc4 Bxh2+ 17. Kxh2 Qc7+ 18. Kg1 Nf6 19. Re1 Re8 20.
Qf3 b5 21. Ne5 Bb7 22. Qg3 c5 23. Nf3 Qxg3 24. fxg3 c4 25. Bc2 Nd7 26. Re3
Re7 27. Rae1 Rae8 28. Nh4 Nb6 29. R3e2 Nd5 30. Be4 g5 31. Bxd5 Bxd5 32. Nf5
Rc7 33. Nxh6+ Kg7 34. Ng4 f6 35. Ne3 Be4 36. d5 Bd3 37. Rd2 e5 38. Nc2 e4
39. Kf2 a5 40. Nd4 b4 41. Ne6+ Kh7 42. Nxc7 e3+ 43. Rxe3 Rxe3 44. Kxe3 bxc3
45. bxc3 {Black resigns} 1-0

[Event "ICC tourney 1910 (25 10)"]
[Site "Internet Chess Club"]
[Date "2020.07.11"]
[Round "5"]
[White "twrchess"]
[Black "alanwangmd"]
[Result "1-0"]
[ICCResult "Black resigns"]
[WhiteElo "1394"]
[BlackElo "1374"]
[Opening "English: four knights system"]
[ECO "A28"]
[NIC "EO.08"]
[Time "19:02:09"]
[TimeControl "1500+10"]

1. c4 e5 2. Nc3 Nf6 3. Nf3 Nc6 4. d4 exd4 5. Nxd4 Nxd4 6. Qxd4 d6 7. e3 Be7
8. Be2 Be6 9. O-O O-O 10. b3 b6 11. Bb2 c5 12. Qd3 h6 13. e4 Qc7 14. Nd5
Nxd5 15. cxd5 Bd7 16. Qg3 g6 17. Bh5 g5 18. h4 Qd8 19. f4 f6 20. hxg5 fxg5
21. f5 Bf6 22. e5 dxe5 23. Bxe5 Bxe5 24. Qxe5 Qf6 25. Qxf6 Rxf6 26. Rae1
Rxf5 27. Rxf5 Bxf5 28. Rf1 Be4 29. d6 Rd8 30. Rf6 Kg7 31. Re6 Bd5 32. Re7+
Kg8 33. d7 Bc6 34. Re8+ Rxe8 35. dxe8=Q+ Bxe8 36. Bxe8 Kf8 37. Bd7 Ke7 38.
Bb5 Kd6 39. Kf2 Ke5 40. Kf3 h5 41. Be8 h4 42. Kg4 Kf6 43. Kh5 a6 44. a4 Kf5
45. Bd7+ Kf4 46. Bc6 Kf5 47. Bb7 a5 48. Bc8+ Kf4 49. Bd7 {Black resigns} 1-0

[Event "ICC tourney 1910 (25 10)"]
[Site "Internet Chess Club"]
[Date "2020.07.11"]
[Round "5"]
[White "SamLightning"]
[Black "ChemStud24"]
[Result "1-0"]
[ICCResult "Black checkmated"]
[WhiteElo "1603"]
[BlackElo "1619"]
[Opening "Trompowsky attack (Ruth, Opocensk? opening)"]
[ECO "A45"]
[NIC "QP.07"]
[Time "19:00:55"]
[TimeControl "1500+10"]

1. d4 Nf6 2. Bg5 e6 3. e4 Be7 4. e5 Nd5 5. Bxe7 Qxe7 6. c4 Qb4+ 7. Qd2 Qxd2+
8. Nxd2 Nb4 9. Kd1 b6 10. f4 d5 11. a3 N4c6 12. Ngf3 Bb7 13. cxd5 exd5 14.
b4 Nd7 15. Rc1 Rc8 16. Bd3 g6 17. Re1 O-O 18. f5 Ne7 19. f6 Nc6 20. h4 h5
21. Nb3 Nd8 22. Nh2 Ne6 23. g4 hxg4 24. Nxg4 Nb8 25. Rh1 Nc6 26. h5 Nf4 27.
hxg6 Nxg6 28. Nh6+ Kh7 29. Nxf7+ Kg8 30. Nh6+ Kh8 31. Bxg6 Nd8 32. Nf7+ Kg8
33. Rh8# {Black checkmated} 1-0

[Event "ICC tourney 1910 (25 10)"]
[Site "Internet Chess Club"]
[Date "2020.07.11"]
[Round "5"]
[White "ruhanv"]
[Black "Chris0708"]
[Result "1-0"]
[ICCResult "Black resigns"]
[WhiteElo "1364"]
[BlackElo "1179"]
[Opening "Queen's bishop game"]
[ECO "D00"]
[NIC "QP.08"]
[Time "19:01:00"]
[TimeControl "1500+10"]

1. d4 d5 2. Bf4 Nf6 3. Nf3 Bf5 4. e3 a6 5. Bd3 Bg6 6. c3 e6 7. Qc2 c5 8.
Bxg6 hxg6 9. Nbd2 Nbd7 10. Ne5 Nxe5 11. Bxe5 Rc8 12. Bxf6 Qxf6 13. Qa4+ Kd8
14. Nf3 Bd6 15. O-O-O Ke7 16. Qc2 cxd4 17. exd4 Qf4+ 18. Kb1 b5 19. Qb3 Qe4+
20. Ka1 Qf5 21. Rd2 Rc4 22. a3 Rb8 23. Qc2 b4 24. axb4 Qxc2 25. Rxc2 Bxb4
26. Ne5 Rcc8 27. Rhc1 Bd6 28. g3 Bxe5 29. dxe5 f6 30. exf6+ gxf6 31. c4 d4
32. Rd2 e5 33. f4 Rb4 34. c5 a5 35. fxe5 fxe5 36. Re2 Ke6 37. Ka2 Kd5 38.
Kb1 Rxc5 39. Rxe5+ Kxe5 40. Rxc5+ Ke4 41. Kc1 a4 42. Rc8 Kd3 43. h4 Rc4+ 44.
Rxc4 Kxc4 45. g4 Kd5 46. h5 Ke6 47. Kd2 gxh5 48. gxh5 Kf5 49. h6 Kg6 50. Kd3
Kxh6 51. Kxd4 Kg6 52. Kc4 Kf6 53. Kb4 Ke6 54. Kxa4 Kd6 55. Ka5 Kc7 56. b4
Kc8 57. Ka6 Kc7 58. b5 Kc8 59. Ka7 Kc7 60. b6+ Kc8 61. b7+ Kc7 62. b8=Q+ Kc6
63. Qd8 Kc5 64. Kb8 Kc4 65. Kc8 Kc5 66. Qd7 Kc4 67. Kd8 Kc5 68. Ke7 Kc4 69.
Ke6 Kc5 70. Qd6+ Kc4 71. Ke5 Kc3 72. Ke4 Kc2 73. Ke3 Kc1 74. Ke2 Kc2 75.
Qc6+ Kb3 76. Kd2 Kb4 77. Kd3 Kb3 78. Qb6+ Ka3 79. Kc4 Ka2 80. Kc3
{Black resigns}
1-0

[Event "ICC tourney 1910 (25 10)"]
[Site "Internet Chess Club"]
[Date "2020.07.11"]
[Round "5"]
[White "bpchoppara"]
[Black "Eleyn"]
[Result "1-0"]
[ICCResult "Black checkmated"]
[WhiteElo "1354"]
[BlackElo "1370"]
[Opening "QGD Slav defense: exchange variation"]
[ECO "D10"]
[NIC "SL.01"]
[Time "19:01:01"]
[TimeControl "1500+10"]

1. d4 d5 2. c4 c6 3. cxd5 cxd5 4. Nc3 Nf6 5. Bf4 Bf5 6. e3 Qb6 7. Qd2 e6 8.
a3 Nc6 9. Rc1 Be7 10. Nb5 O-O 11. Nc3 Ne4 12. Nxe4 Bxe4 13. f3 Bg6 14. Be2
Rac8 15. Nh3 h6 16. O-O Na5 17. Rxc8 Rxc8 18. Rc1 Rxc1+ 19. Qxc1 Nb3 20. Qc3
Na1 21. b4 Nc2 22. Bd1 Nxb4 23. axb4 Bxb4 24. Qb3 a5 25. Nf2 Qc6 26. Qb2 Bc3
27. Qc1 b5 28. Ng4 b4 29. Ne5 Qb5 30. Nxg6 fxg6 31. Qc2 Kf7 32. Qa4 Qb6 33.
Be5 Qb7 34. Qxa5 Bd2 35. Qc7+ Qxc7 36. Bxc7 Bxe3+ 37. Kf1 Bxd4 38. Ba5 Bc3
39. Ke2 Kf6 40. Kd3 Ke5 41. g3 Kd6 42. Kc2 Kc5 43. Kd3 Kb5 44. Bd8 h5 45. h3
Kc5 46. Bc2 Be5 47. f4 Bf6 48. Bc7 Kc6 49. Ba5 Kb5 50. Bc7 Kc6 51. Bb8 Kb7
52. Bd6 Kc6 53. Bxb4 g5 54. Ba4+ Kc7 55. fxg5 Bxg5 56. Be8 h4 57. g4 e5 58.
Bc3 d4 59. Ba1 Kd6 60. Ke4 Ke6 61. Bb2 Bf6 62. Ba4 Kd6 63. Ba3+ Ke6 64. Bb3+
Kd7 65. Bc4 Kc6 66. Bd5+ Kb5 67. Bd6 Kb6 68. Bc4 Kc6 69. Bxe5 Bxe5 70. Kxe5
Kc5 71. Bf1 Kc6 72. Kf5 Kc5 73. Kg6 Kb4 74. Kxg7 Kc3 75. Kh6 Kd2 76. g5 Ke1
77. Ba6 Kf2 78. g6 Ke3 79. g7 d3 80. Bxd3 Kxd3 81. g8=Q Ke3 82. Kh5 Kf3 83.
Kxh4 Kf2 84. Kg4 Ke2 85. Qf7 Ke3 86. Qf4+ Kd3 87. Qe5 Kc4 88. Qd6 Kb3 89.
Qc6 Kb4 90. Kf4 Kb3 91. Ke3 Kb4 92. Kd4 Ka5 93. Qb7 Ka4 94. Kc4 Ka3 95. Qb3#
{Black checkmated}
1-0

[Event "ICC tourney 1910 (25 10)"]
[Site "Internet Chess Club"]
[Date "2020.07.11"]
[Round "5"]
[White "wildrumpus"]
[Black "RobloxMadCity"]
[Result "1-0"]
[ICCResult "Black checkmated"]
[WhiteElo "1525"]
[BlackElo "1423"]
[Opening "Queen's pawn game"]
[ECO "D00"]
[NIC "QP.08"]
[Time "19:01:25"]
[TimeControl "1500+10"]

1. d4 d5 2. e3 c6 3. Bd3 Nf6 4. Nd2 e6 5. f4 Bd6 6. Ngf3 O-O 7. O-O Nbd7 8.
Ne5 Qc7 9. g4 c5 10. c3 b6 11. g5 Ne8 12. Qh5 g6 13. Qh6 f6 14. Nxg6 hxg6
15. Qxg6+ Ng7 16. Qh7+ Kf7 17. Bg6+ Ke7 18. Qxg7+ Kd8 19. Nf3 Ba6 20. Rf2
Be7 21. h4 fxg5 22. Nxg5 Qd6 23. Nf7+ Rxf7 24. Qxf7 Kc7 25. h5 Rf8 26. Qg7
Bf6 27. Qh6 Rh8 28. Bh7 Bd3 29. dxc5 bxc5 30. e4 Bxe4 31. f5 Bxf5 32. Rxf5
exf5 33. Bf4 Be5 34. Qxd6+ Bxd6 35. Bxd6+ Kxd6 36. Bg6 f4 37. Re1 Nf6 38.
Kf2 Nxh5 39. Rh1 Rh6 40. Bxh5 Ke5 41. Kf3 d4 42. Re1+ Kf5 43. Bg4+ Kg5 44.
Re5+ Kh4 45. Kxf4 Rf6+ 46. Bf5 d3 47. Rxc5 Rd6 48. Bg4 d2 49. Bd1 Kh3 50.
Kf3 Kh4 51. Rc4+ Kg5 52. Rd4 Rxd4 53. cxd4 Kf5 54. Ke3 Ke6 55. Kxd2 Kd5 56.
Kd3 a5 57. Ba4 Kd6 58. Kc4 Ke6 59. d5+ Kd6 60. Bc6 a4 61. Kb4 Kc7 62. Kxa4
Kd6 63. Kb5 Kc7 64. a4 Kd6 65. Kb6 Ke7 66. a5 Kd6 67. a6 Ke7 68. a7 Kd6 69.
a8=Q Ke7 70. Qa3+ Kf6 71. Qf3+ Ke5 72. Qe3+ Kd6 73. Qe6# {Black checkmated}
1-0

[Event "ICC tourney 1910 (25 10)"]
[Site "Internet Chess Club"]
[Date "2020.07.11"]
[Round "5"]
[White "BotanicalKnight"]
[Black "IplayLikeTrash"]
[Result "1-0"]
[ICCResult "Black checkmated"]
[WhiteElo "1540"]
[BlackElo "1529"]
[Opening "French: Labourdonnais variation"]
[ECO "C00"]
[NIC "FR.01"]
[Time "19:01:21"]
[TimeControl "1500+10"]

1. e4 e6 2. f4 d5 3. e5 c5 4. Nf3 Nc6 5. d3 Qb6 6. Nc3 Nge7 7. g3 Nf5 8. Bg2
Nfd4 9. O-O Nxf3+ 10. Qxf3 Be7 11. Kh1 O-O 12. a3 Bd7 13. g4 Nd4 14. Qd1
Rfc8 15. Ne2 c4 16. c3 Nb3 17. Rb1 cxd3 18. Qxd3 Bb5 19. Qf3 Nxc1 20. Rbxc1
Bc5 21. f5 d4 22. b4 Bxe2 23. Qxe2 Bf8 24. c4 Rd8 25. Qd3 Qc7 26. Rfe1 Rac8
27. fxe6 fxe6 28. Be4 g6 29. h4 Bg7 30. h5 Bxe5 31. hxg6 hxg6 32. Bxg6 Bf4
33. Rc2 Qg7 34. Bh5 e5 35. c5 Rf8 36. Qc4+ Kh8 37. Kg2 Qg5 38. Rh1 Kg7 39.
Qe6 Rcd8 40. c6 bxc6 41. Rxc6 e4 42. Bg6 Rf6 43. Qe7+ Kxg6 44. Qxe4+ Kg7 45.
Qh7+ Kf8 46. Qh8+ Ke7 47. Rh7+ Rf7 48. Rxf7+ Kxf7 49. Qh7+ Qg7 50. Qf5+ Kg8
51. Rg6 Be3 52. Rxg7+ Kxg7 53. Qe5+ Kf7 54. Qf5+ Ke7 55. Qe4+ Kd6 56. Qd3
Rg8 57. Qa6+ Ke5 58. Qb5+ Ke4 59. Qf5# {Black checkmated} 1-0